 Dungeon Crawl Stone Soup version 0.23-a0-636-g0ff6057 (webtiles) character file.

3544 galech the Cleaver (level 9, -4/69 HPs)
             Began as a Demonspawn Fighter on Dec 28, 2018.
             Was an Elder of Okawaru.
             Slain by an orc priest
             ... wielding a +0 dagger
              (6 damage)
             ... on level 8 of the Dungeon.
             The game lasted 00:08:47 (7794 turns).

galech the Cleaver (Demonspawn Fighter)             Turns: 7794, Time: 00:08:47

Health: -4/69      AC: -21   Str: 13 (16) XL:     9   Next: 82%
Magic:  18/18      EV: 10    Int: 15 (16) God:    Okawaru [****..]
Gold:   463        SH: 16    Dex: 13 (15) Spells: 8/8 levels left

rFire    . . .     SeeInvis .   u - +4 hand axe (flame)
rCold    + . .     Gourm    .   c - +0 shield
rNeg     . . .     Faith    .   o - +1 ring mail {rC+}
rPois    .         Spirit   .   (no helmet)
rElec    .         Reflect  .   F - +1 cloak
rCorr    .         Harm     .   h - +0 pair of gloves
MR       .....                  (no boots)
Stlth    ++........             (no amulet)
HPRegen  0.21/turn              C - +2 ring of slaying
MPRegen  0.16/turn              m - ring of magical power

@: brilliant, vulnerable, corroded
A: hooves 2, large bone plates 2, nightstalker 1, powered by death 1
a: Heroism, Renounce Religion


You were on level 8 of the Dungeon.
You worshipped Okawaru.
Okawaru was greatly pleased with you.
You were not hungry.

You visited 2 branches of the dungeon, and saw 9 of its levels.

You collected 463 gold pieces.

Inventory:

Hand Weapons
 u - a +4 hand axe of flaming (weapon)
Armour
 c - a +0 shield (worn)
 h - a +0 pair of gloves (worn)
 o - a +1 ring mail of cold resistance (worn)
 q - a +0 chain mail
 F - a +1 cloak (worn)
Jewellery
 m - a ring of magical power (right hand)
 C - a +2 ring of slaying (left hand)
 D - the ring of Bimybrum {Wiz Int+6}
   (You found it on level 7 of the Dungeon)

   [ring of wizardry]

   It improves your spell success rate.
   It affects your intelligence (+6).
 E - an uncursed ring of magical power
Wands
 w - a wand of flame (35)
 x - a wand of clouds (7)
 A - a wand of iceblast (6)
Scrolls
 i - a scroll of immolation
 j - 3 scrolls of teleportation
 k - 2 scrolls of remove curse
 l - a scroll of random uselessness
 s - a scroll of magic mapping
 t - a scroll of fog {unknown}
 v - a scroll of amnesia {unknown}
 y - a scroll of identify
 B - a scroll of vulnerability
Potions
 a - a potion of invisibility {unknown}
 b - a potion of lignification {unknown}
 d - 7 potions of might
 e - a potion of brilliance
 g - 2 potions of degeneration
 n - 2 potions of heal wounds {unknown}
 p - 4 potions of curing {unknown}
 r - 3 potions of magic {unknown}
Comestibles
 f - 14 rations
 z - 14 chunks of flesh


   Skills:
 + Level 5.9 Fighting
 + Level 8.2 Axes
 + Level 5.5 Armour
 + Level 3.4 Dodging
 + Level 2.4 Stealth
 + Level 6.7 Shields
 + Level 0.3 Invocations


You had 8 spell levels left.
You didn't know any spells.
Your spell library was empty.

Dungeon Overview and Level Annotations

Branches:
Dungeon (8/15)             Temple (1/1) D:4            Lair (0/6) D:8

Altars:
Ashenzari
Dithmenos
Fedhas
Gozag
Hepliaklqana
Nemelex Xobeh
Okawaru
Qazlal
Ru
Wu Jian
Xom
Yredelemnul
The Shining One


Innate Abilities, Weirdness & Mutations

You have hoof-like feet.
You are mostly covered in large bone plates. (SH +6)
You are slightly more attuned to the shadows.
You regenerate a little health from kills.


Message History

A kobold comes into view.
The kobold shouts!
Found a hunting sling.
As you read the scroll labeled MOPEVUYMI, it crumbles to dust.
Magic quickly surges around you.
It was a scroll of vulnerability.
You hear a shout!
You block the kobold's attack.
The orc priest hits you with a +0 dagger.
* * * LOW HITPOINT WARNING * * *
You block the kobold's attack.
The kobold moves out of view.
A big kobold comes into view. It is wielding a +0 whip.
It was a potion of degeneration.
There was something very wrong with that liquid.
You feel weakened.
You feel dopey.
You feel clumsy. You block the orc priest's attack.
You block the kobold's attack. The kobold closely misses you.
You block the orc warrior's attack.
It was a potion of brilliance.
You feel clever all of a sudden.
The orc priest hits you with a +0 dagger.
You die...

#)# #)# #.#
#######)# ........#
#######.# # ## #.#
#######.## .# #.#
####.Koo..... .#
####.###....K@oo...#
.#
#........##K#####..#
.# #..######## .#
#..##### .# #......#
.# #.####.# .# #.#
#.# .# #.# #.#
.###.# ##.#


You could see an orc warrior, a big kobold, an orc priest, an orc wizard, an orc
and 2 kobolds.

Vanquished Creatures
  An ugly thing (D:7)
  A hungry ghost (D:8)
  Menkaure (D:7)
  Duvessa (D:7)
  An orc warrior (D:8)
  An ice beast (D:7)
  2 sky beasts
  A phantom (D:8)
  2 ogres
  A crocodile (D:8)
  A centaur (D:8)
  A big kobold (D:5)
  Blork the orc (D:6)
  Dowan (D:7)
  3 bullfrogs
  5 scorpions
  A water moccasin skeleton (D:5)
  A killer bee (D:7)
  2 howler monkeys (D:7)
  5 crimson imps
  A bullfrog zombie (D:8)
  A quasit (D:7)
  A bullfrog skeleton (D:7)
  3 jellies
  A gnoll shaman (D:7)
  An orc priest (D:8)
  4 hounds
  6 orc wizards
  2 centaur skeletons
  4 iguanas
  3 worker ants
  A hound zombie (D:6)
  3 gnolls (D:7)
  6 adders
  4 shadow imps
  6 oozes
  4 adder skeletons
  5 worms
  2 dart slugs (D:1)
  7 leopard geckos
  23 orcs
  9 giant cockroaches
  6 hobgoblins
  2 jackals (D:1)
  10 kobolds
  6 quokkas
  A ball python skeleton (D:5)
  A bat (D:1)
  4 frilled lizards (D:1)
  6 goblins
  2 jackal skeletons
  3 quokka skeletons (D:4)
  5 rats
176 creatures vanquished.

Notes
Turn   | Place    | Note
-------+----------+-------------------------------------------
     0 | D:1      | galech the Demonspawn Fighter began the quest for the Orb.
     0 | D:1      | Reached XP level 1. HP: 18/18 MP: 1/1
   122 | D:1      | Gained mutation: You regenerate a little health from kills.
                  | [demonic ancestry]
   122 | D:1      | Reached XP level 2. HP: 23/24 MP: 2/2
   161 | D:1      | Reached skill level 2 in Axes
   543 | D:1      | Gained mutation: You have large cloven feet. [demonic
                  | ancestry]
   543 | D:1      | Reached XP level 3. HP: 29/29 MP: 3/3
  1395 | D:2      | Found a sparkling altar of Nemelex Xobeh.
  1477 | D:2      | Found a sacrificial altar of Ru.
  2136 | D:3      | Gained mutation: You have hoof-like feet. [demonic
                  | ancestry]
  2136 | D:3      | Reached XP level 4. HP: 35/35 MP: 4/4
  2885 | D:4      | Found a staircase to the Ecumenical Temple.
  2891 | Temple   | Entered the Ecumenical Temple
  2912 | Temple   | Became a worshipper of Warmaster Okawaru
  2947 | D:4      | Noticed an ogre
  2953 | D:4      | Killed an ogre
  2953 | D:4      | Reached skill level 3 in Axes
  2953 | D:4      | Gained mutation: You are partially covered in large bone
                  | plates. (SH +4) [demonic ancestry]
  2953 | D:4      | Reached XP level 5. HP: 33/42 MP: 5/5
  3119 | D:4      | Reached * piety under Okawaru
  3119 | D:4      | Reached XP level 6. HP: 47/48 MP: 6/6
  3325 | D:4      | Found an opulent altar of Gozag.
  3326 | D:4      | Found a basalt altar of Yredelemnul.
  3437 | D:4      | Reached skill level 4 in Axes
  3629 | D:4      | Found a shadowy altar of Dithmenos.
  3629 | D:4      | Found an ornate altar of the Wu Jian Council.
  3753 | D:5      | Entered Level 5 of the Dungeon
  3808 | D:5      | Reached skill level 1 in Dodging
  3816 | D:5      | Gained mutation: You are mostly covered in large bone
                  | plates. (SH +6) [demonic ancestry]
  3816 | D:5      | Reached XP level 7. HP: 51/54 MP: 7/7
  4101 | D:5      | Reached skill level 5 in Axes
  4481 | D:5      | Found a stormy altar of Qazlal.
  5036 | D:6      | Noticed Blork the orc
  5048 | D:6      | Killed Blork the orc
  5391 | D:7      | Gained mutation: You are slightly more attuned to the
                  | shadows. [demonic ancestry]
  5391 | D:7      | Reached XP level 8. HP: 60/61 MP: 8/8
  5422 | D:7      | Noticed Duvessa
  5446 | D:7      | Killed Duvessa
  5446 | D:7      | Reached ** piety under Okawaru
  5447 | D:7      | Noticed Dowan
  5453 | D:7      | Killed Dowan
  5453 | D:7      | Reached skill level 5 in Shields
  5602 | D:7      | Noticed Menkaure
  5611 | D:7      | Killed Menkaure
  5611 | D:7      | Reached skill level 6 in Axes
  5777 | D:7      | Reached skill level 5 in Fighting
  6262 | D:7      | Reached *** piety under Okawaru
  6311 | D:7      | Reached XP level 9. HP: 68/68 MP: 9/9
  6414 | D:7      | Reached skill level 5 in Armour
  6572 | D:7      | Got a clouded turquoise ring
  6573 | D:7      | Identified the ring of Bimybrum {Wiz Int+6} (You found it
                  | on level 7 of the Dungeon)
  6578 | D:7      | Noticed a purple ugly thing
  6587 | D:7      | Killed a purple ugly thing
  6587 | D:7      | Reached skill level 7 in Axes
  6587 | D:7      | Reached skill level 1 in Stealth
  7478 | D:8      | Reached **** piety under Okawaru
  7478 | D:8      | Reached skill level 8 in Axes
  7612 | D:8      | Found a staircase to the Lair.
  7787 | D:8      | HP: 3/69 [acid (6)]
  7792 | D:8      | HP: 1/69 [orc priest/+0 dagger (3)]
  7794 | D:8      | Slain by an orc priest

Vault maps used:
D:1:      minmay_arrival_cross, hex_intersection, st_stairs_11, moated_statue,
          hangedman_decor_points
D:2:      nemelex_xobeh_ov_fountains_minmay, first_ration,
          nicolae_ru_path_of_blood
D:4:      gammafunk_temple_overflow_elements, gammafunk_temple_overflow_statue,
          minmay_temple_entry_arrows
D:5:      lemuel_statue_altar
D:6:      uniq_blork_the_orc
D:7:      minmay_the_grid_octo_tiled_octocenter, kennysheep_generic_room_14,
          uniq_duvessa, uniq_menkaure
D:8:      lair_entry_dummy, hangedman_little_slice_of_home
Temple:   nicolae_temple_elliptical

Skill      XL: |  1  2  3  4  5  6  7  8  9 |
---------------+----------------------------+-----
Shields        | 3 4 5 6 |  6.7
Axes           | 2 3 4 5 6 8 |  8.2
Armour         | 3 4 5 |  5.5
Fighting       | 4 5 |  5.9
Dodging        | 1 2 3 |  3.4
Stealth        | 2 |  2.4
Invocations    | |  0.3

Action                   |  1- 3 |  4- 6 |  7- 9 || total
-------------------------+-------+-------+-------++-------
Melee: War axe           |   109 |   125 |   103 ||   337
       Kick              |    14 |    31 |   117 ||   162
       Hand axe          |       |       |   289 ||   289
Invok: Heroism           |       |       |     2 ||     2
  Use: Scroll            |     3 |       |     9 ||    12
       Potion            |       |     1 |     2 ||     3
 Stab: Sleeping          |       |       |     5 ||     5
       Distracted        |       |       |     2 ||     2
  Eat: Chunk             |     4 |     5 |    16 ||    25
Armor: Scale mail        |    35 |       |       ||    35
       Chain mail        |     6 |    61 |    52 ||   119
       Ring mail         |       |       |    47 ||    47
Dodge: Dodged            |    18 |    19 |    62 ||    99
Block: Shield            |    49 |    71 |   242 ||   362

Table legend:
 A = Non-vault XP
 B = Vault XP
 C = Vault XP percentage of total XP
 D = Non-vault monster count
 E = Vault monster count
 F = Vault count percentage of total count
                 A         B        C        D         E       F
            +---------+---------+-------+---------+---------+-------
      Total |    3254 |    1809 |  35.7 |     144 |      32 |  18.2
            +---------+---------+-------+---------+---------+-------
        D:1 |      40 |       4 |   9.1 |      23 |       2 |   8.0
        D:2 |      39 |       0 |   0.0 |       9 |       0 |   0.0
        D:3 |      97 |       0 |   0.0 |      21 |       0 |   0.0
        D:4 |     390 |       0 |   0.0 |      17 |       0 |   0.0
        D:5 |     471 |       0 |   0.0 |      19 |       0 |   0.0
        D:6 |     285 |      96 |  25.2 |      12 |       1 |   7.7
        D:7 |     754 |    1588 |  67.8 |      19 |      22 |  53.7
        D:8 |    1178 |     121 |   9.3 |      24 |       7 |  22.6
            +---------+---------+-------+---------+---------+-------
